 Dungeon Crawl Stone Soup version 0.26.1-11-gd32895ea62 (webtiles) character file.

Game seed: 11230342793366357061

108 opiate666 the Skirmisher (level 4, -18/36 (37) HPs)
             Began as a Demonspawn Abyssal Knight on June 17, 2021.
             Was a Believer of Lugonu.
             Demolished by a wight
             ... wielding a cursed +5 halberd
              (19 damage)
             ... on level 6 of the Dungeon.
             The game lasted 00:09:15 (2106 turns).

opiate666 the Skirmisher (DsAK)                     Turns: 2106, Time: 00:09:15

HP:   -18/36 (37)   AC:  6    Str: 13    XL:     4   Next: 58%
MP:   5/5           EV: 11    Int: 14    God:    Lugonu [**....]
Gold: 66            SH:  0    Dex: 12    Spells: 3/3 levels left

rFire    . . .     SeeInvis .   a - +1 falchion
rCold    . . .     Faith    .   (no shield)
rNeg     . . .     Spirit   .   b - +0 leather armour
rPois    .         Reflect  .   k - +0 helmet
rElec    .         Harm     .   (no cloak)
rCorr    .         Rampage  .   (no gloves)
Will     .....                  (no boots)
Stlth    +.........             (no amulet)
HPRegen  0.12/turn              (no ring)
MPRegen  0.09/turn              (no ring)

@: lightly drained
A: thin metallic scales 1, spiny 1
a: Renounce Religion, Depart the Abyss, Bend Space


You were on level 6 of the Dungeon.
You worshipped Lugonu.
Lugonu was pleased with you.
You visited 1 branch of the dungeon, and saw 4 of its levels.
You visited the Abyss 1 time.

You collected 66 gold pieces.

Inventory:

Hand Weapons
 a - a +1 falchion (weapon)
 h - a +0 spear
 o - a +1 dagger of draining
Armour
 b - a +0 leather armour (worn)
 k - a +0 helmet (worn)
 l - a cursed +0 plate armour
Jewellery
 d - an uncursed amulet of magic regeneration {unknown}
 j - an uncursed amulet of the acrobat {unknown}
Scrolls
 e - 2 scrolls of amnesia {unknown}
 f - 2 scrolls of remove curse {unknown}
 i - 4 scrolls of blinking {unknown}
 m - a scroll of immolation {unknown}
 n - 2 scrolls of teleportation {unknown}
 q - a scroll of enchant armour {unknown}
Potions
 c - a potion of curing
 g - a potion of invisibility {unknown}
 p - a potion of degeneration {unknown}


   Skills:
 + Level 3.7 Fighting
 + Level 3.2 Long Blades
 + Level 2.3 Armour
 + Level 1.5 Dodging
 + Level 2.5 Invocations


You had 3 spell levels left.
You didn't know any spells.
Your spell library was empty.

Dungeon Overview and Level Annotations

Branches:
Dungeon (6/15)
 Temple: D:4-7

Altars:
Ashenzari


Innate Abilities, Weirdness & Mutations

You are partially covered in thin metallic scales. (AC +2)
You are partially covered in sharp spines.


Message History

You hit the wight but do no damage.
The wight is severely damaged.
You hit the wight.
The wight is almost destroyed.
The wight hits you from afar with a cursed +5 halberd!
* * * LOW HITPOINT WARNING * * *
The wight is struck by your spines. The wight closely misses you.
Found 11 gold pieces.
A sky beast comes into view.
A centaur zombie comes into view.
You see here 11 gold pieces.
You completely miss the wight.
The wight is almost destroyed.
The wight hits you with a +2 great sword.
* * * LOW HITPOINT WARNING * * *
Your leather armour prevents you from hitting the wight.
The wight is almost destroyed.
The wight hits you from afar with a cursed +5 halberd!!
Ouch! That really hurt!
You die...

##### ....# #...#
####...####
#.........#
######.........#
#....z.........#
#..###...z.###....###
#..Z..Y@z..# #....##
...###.....# #...z.#
#.....# #####.#
######## #.# ... #.#
## #.####z# #.
#..>##.# #.#####....#
..####...#...####


You could see a sky beast, 3 wights and a centaur zombie.

Vanquished Creatures
  A worker ant (D:2)
  2 adders (D:2)
  An ooze (D:1)
  A worm (D:2)
  4 dart slugs
  3 giant cockroaches
  3 goblins (D:1)
  6 hobgoblins
  4 jackals
  A quokka (D:2)
  9 bats
  6 frilled lizards
  5 kobolds
  6 rats
52 creatures vanquished.

Notes
Turn   | Place    | Note
-------+----------+-------------------------------------------
     0 | Abyss:1  | opiate666 the Demonspawn Abyssal Knight began the quest for
                  | the Orb.
     0 | Abyss:1  | Reached XP level 1. HP: 18/18 MP: 2/2
    72 | Abyss:1  | Noticed an iron imp
    93 | D:1      | Escaped the Abyss
   270 | D:1      | Reached * piety under Lugonu
   290 | D:1      | Gained mutation: You are partially covered in sharp spines.
                  | [demonic ancestry]
   290 | D:1      | Reached XP level 2. HP: 13/24 MP: 3/3
   336 | D:1      | Reached skill level 1 in Dodging
   677 | D:1      | Reached XP level 3. HP: 19/29 MP: 4/4
  1261 | D:2      | Reached ** piety under Lugonu
  1534 | D:2      | Gained mutation: You are partially covered in thin metallic
                  | scales. (AC +2) [demonic ancestry]
  1534 | D:2      | Reached XP level 4. HP: 29/36 MP: 5/5
  1693 | D:2      | Found a broken altar of Ashenzari.
  2071 | D:3      | You fall into a shaft and drop 3 floors!
  2102 | D:6      | Noticed a sky beast
  2105 | D:6      | HP: 1/36 [wight/+2 great sword (5)]
  2106 | D:6      | Demolished by a wight

Illustrated notes

Levels and vault maps discovered:
D:1:      dpeg_arrival_fog, layout_rooms, minmay_pentomino_x4
D:2:      layout_loops_cross, ashenzari_altar_1
D:3:      layout_basic, minitemple, gammafunk_temple_overflow_arena,
          minmay_crystal_room
D:6:      layout_loops_cross, minmay_temple_entry_tees, serial_shops, shop,
          nicolae_ossuary_entry_false_entrances

Skill      XL: |  1  2  3  4 |
---------------+-------------+-----
Long Blades    | 2 3 |  3.2
Dodging        | 1 |  1.5
Armour         | 2 |  2.3
Fighting       | |  3.7
Invocations    | |  2.5

Action                   |  1- 3 |  4- 6 || total
-------------------------+-------+-------++-------
Melee: Falchion          |    93 |    26 ||   119
Invok: Depart the Abyss  |     1 |       ||     1
  Use: Potion            |       |     1 ||     1
Armor: Leather armour    |    33 |     2 ||    35
Dodge: Dodged            |    60 |    15 ||    75
       Rpst.: Falchion   |    20 |     9 ||    29
